 Dungeon Sprint DCSS version 0.27-a0-216-g1fbed8a51c (webtiles) character file.

Game seed: 2715302560698751643

398641 mhtbhm the Axe Maniac (level 21, -9/336 HPs)
             Began as a Minotaur Fighter on Jan 31, 2021.
             Was the Champion of Trog.
             Killed from afar by a lich (23 damage)
             ... with a bolt of acid
             ... in the Dungeon (Sprint VII: "The Pits") on Feb 1, 2021.
             The game lasted 00:45:58 (15349 turns).

mhtbhm the Axe Maniac (Minotaur Fighter)           Turns: 15349, Time: 00:45:59

Health: -9/336     AC: 15    Str: 40    XL:     21   Next: 91%
Magic:  25/32      EV: 21    Int: 11    God:    Trog [******]
Gold:   400        SH: 35    Dex: 11    Spells: 20/20 levels left

rFire    + + .     SeeInvis .   k - +10 broad axe "Hacah" {flame, *Contam +Rage Str+5 Stlth+}
rCold    + . .     Faith    .   c - +5 tower shield {reflect}
rNeg     + + +     Spirit   .   b - +14 gold dragon scales
rPois    +         Reflect  +   (helmet unavailable)
rElec    +         Harm     .   E - +1 cloak
rCorr    .         Rampage  .   a - +2 pair of gloves {archery}
Will     +....     Clarity  +   s - +1 pair of boots Stlth ..........NoTele +
                                v - amulet "Luits" {+Inv rElec rN+ Regen+ Str+4}
HPRegen  1.06/turn              W - ring of Peoban {rPois rN++ MP+9 Str-3 Slay+5}
MPRegen  0.23/turn              Q - ring of Muaga {rF+ Str+8 Int+6}

@: berserking, marked, corroded, slowed
A: retaliatory headbutt, horns 3, clarity, clumsy 1, weak 1
}: 3/3 runes: silver, golden, iron
a: Renounce Religion, Evoke Berserk Rage, Evoke Invisibility, Berserk, Trog's
Hand, Brothers in Arms


You were in the Dungeon.
You worshipped Trog.
Trog was exalted by your worship.
You visited 1 branch You collected 400 gold pieces.

Inventory:

Hand Weapons
 k - the +10 broad axe "Hacah" (weapon) {flame, *Contam +Rage Str+5 Stlth+}
   (Trog gifted it to you in the Dungeon)

   It has been specially enchanted to burn those struck by it, causing extra
   injury to most foes and up to half again as much damage against particularly
   susceptible opponents.
   Big, fiery blades are also staple armaments of hydra-hunters.
   It affects your strength (+5).
   It lets you go berserk.
   It causes magical contamination when unequipped.
   It makes you more stealthy.
 t - a +2 war axe of holy wrath
 u - a +7 vorpal broad axe
 y - a +6 broad axe of electrocution
 K - a +10 antimagic broad axe
 P - a +2 eudemon blade of holy wrath
Armour
 a - a +2 pair of gloves of archery (worn)
 b - +14 gold dragon scales (worn)
 c - a +5 tower shield of reflection (worn)
 s - a +1 pair of boots (worn)
 E - a +1 cloak (worn)
 R - a +4 hat
Jewellery
 n - a +4 ring of evasion
 r - the amulet "Maegaof" {Reflect rF+ Will+ SH+5}
   (You found it in the Dungeon)

   [amulet of reflection]

   It shields you and reflects attacks.
   It protects you from fire.
   It affects your willpower, your defense against some magical effects.
   It affects your SH (+5).
 v - the amulet "Luits" (around neck) {+Inv rElec rN+ Regen+ Str+4}
   (You found it in the Dungeon)

   [amulet of regeneration]

   It affects your strength (+4).
   It insulates you from electricity.
   It protects you from negative energy.
   It lets you turn invisible.
   It increases your rate of regeneration.
 z - the ring "Xesal" {Str+3 Slay+3 SInv}
   (You found it in the Dungeon)

   [ring of see invisible]

   It affects your strength (+3).
   It affects your accuracy and damage with ranged weapons and melee attacks
   (+3).
   It lets you see invisible.
 G - the ring of Ruetonla {rPois rF+ Will+}
   (You found it in the Dungeon)

   [ring of protection from fire]

   It protects you from fire.
   It protects you from poison.
   It affects your willpower, your defense against some magical effects.
 M - an uncursed amulet of the acrobat
 N - the ring "Iroockaju" {rN+ Int+4 Dex+4}
   (You found it in the Dungeon)

   [ring of positive energy]

   It affects your intelligence (+4).
   It affects your dexterity (+4).
   It protects you from negative energy.
 Q - the ring of Muaga (right hand) {rF+ Str+8 Int+6}
   (You found it in the Dungeon)

   [ring of intelligence]

   It affects your strength (+8).
   It affects your intelligence (+6).
   It protects you from fire.
 S - an uncursed amulet of faith
 T - the ring of Beng {AC+6 Str+2 Dex+2}
   (You found it in the Dungeon)

   [ring of protection]

   It affects your AC (+6).
   It affects your strength (+2).
   It affects your dexterity (+2).
 W - the ring of Peoban (left hand) {rPois rN++ MP+9 Str-3 Slay+5}
   (You found it in the Dungeon)

   [ring of slaying]

   It affects your strength (-3).
   It affects your accuracy and damage with ranged weapons and melee attacks
   (+5).
   It protects you from poison.
   It greatly protects you from negative energy.
   It affects your magic capacity (+9).
 Z - the ring of Queck {rElec rF+ rC+ Will++}
   (You found it in the Dungeon)

   [ring of protection from fire]

   It protects you from fire.
   It protects you from cold.
   It insulates you from electricity.
   It affects your willpower, your defense against some magical effects.
Wands
 L - a wand of charming (5)
 O - a wand of mindburst (9)
Scrolls
 j - 6 scrolls of blinking
 l - 8 scrolls of remove curse
 m - a scroll of summoning
 p - 3 scrolls of identify
 w - 2 scrolls of enchant weapon
 x - 3 scrolls of fog
 F - 2 scrolls of immolation
Potions
 d - 2 potions of might
 e - 11 potions of curing
 f - 20 potions of heal wounds
 g - 8 potions of haste
 h - 10 potions of magic
 i - 10 potions of berserk rage
 o - 5 potions of mutation
 q - 5 potions of resistance
 B - a potion of flight
 C - a potion of ambrosia
 I - 2 potions of degeneration
Miscellaneous
 D - a condenser vane
 H - a box of beasts
 J - the horn of Geryon
 U - a box of beasts
 V - a phantom mirror


   Skills:
 O Level 27 Fighting
 - Level 6.0(18.1) Short Blades
 O Level 27 Long Blades
 O Level 27 Axes
 O Level 27 Maces & Flails
 - Level 6.2(19.7) Polearms
 - Level 6.2(19.7) Staves
 - Level 5.7(20.6) Slings
 + Level 13.4 Bows
 + Level 13.4 Crossbows
 O Level 27 Throwing
 O Level 27 Armour
 O Level 27 Dodging
 O Level 27 Stealth
 O Level 27 Shields
 - Level 5.6 Unarmed Combat
 - Level 5.2 Invocations
 O Level 27 Evocations


You had 20 spell levels left.
You didn't know any spells.
Your spell library was empty.

Dungeon Overview and Level Annotations

Branches:
Dungeon (1/1)

Altars:
Ashenzari
Cheibriados
Dithmenos
Elyvilon
Fedhas
Gozag
Hepliaklqana
Kikubaaqudgha
Makhleb
Nemelex Xobeh
Okawaru
Qazlal
Ru
Sif Muna
Trog
Uskayaw
Vehumet
Wu Jian
Xom
Yredelemnul
Zin
The Shining One
Beogh
Jiyva
Lugonu

Annotations:
D Royal Jelly


Innate Abilities, Weirdness & Mutations

You reflexively headbutt those who attack you in melee.
You have a pair of large horns on your head.
You possess an exceptional clarity of mind.
You are clumsy. (Dex -2)
You are weak. (Str -2)


Message History

The blast of lightning engulfs the Royal Jelly!
The blast of lightning engulfs the ancient lich.
The ancient lich resists.
The blast of lightning engulfs you. You resist.
* * * LOW HITPOINT WARNING * * *
The Royal Jelly shudders.
The Royal Jelly spits out another jelly.
The azure jelly hits you.
* * * LOW HITPOINT WARNING * * *
The azure jelly freezes you!! You resist.
* * * LOW HITPOINT WARNING * * *
You block the azure jelly's attack. The azure jelly misses you.
Fiathull gestures at you. A sentinel's mark forms upon you.
You feel you are being watched by something.
You feel your power leaking away.
The ancient lich touches you but does no damage.
You hear some strange, mumbled words.
A bolt of acid appears from out of thin air!
The bolt of acid hits you!!
You die...

############## #####
......J&{....## ##....
....JCL@......## ##.....
.###..J###.....###......
#..... ###....#.......
....... ##...#.......
....... ##..#.......
....... #..........
....... #..........
....... #..........
#..#.......


You could see the Royal Jelly, Fiathull, an ancient lich, a stone giant, an
azure jelly and a death ooze (wandering).

Vanquished Creatures
  Ereshkigal (D)
  Dissolution (D)
  2 orbs of fire (D)
  9 ancient liches (D)
  Mara (D)
  Mennas (D)
  2 royal mummies (D)
  Saint Roka (D)
  Margery (D)
  Frederick (D)
  the Lernaean hydra (D)
  A Killer Klown (D)
  3 curse toes (D)
  Xtahua (D)
  Geryon (D)
  A pandemonium lord (D)
  A profane servitor (D)
  Jory (D)
  14 golden dragons (D)
  A Tzitzimitl (D)
  5 pearl dragons (D)
  A hellephant (D)
  2 Brimstone Fiends (D)
  5 electric golems (D)
  A Hell Sentinel (D)
  An Ice Fiend (D)
  9 Orb Guardians (D)
  9 quicksilver dragons (D)
  2 liches (D)
  A deep elf blademaster (D)
  6 titans (D)
  2 tentacled monstrosities (D)
  9 acid blobs (D)
  3 deep elf master archers (D)
  A sphinx (D)
  A death cob (D)
  A storm dragon (D)
  14 shadow dragons (D)
  4 azure jellies (D)
  6 nagarajas (D)
  3 fire giants (D)
  A deep elf sorcerer (D)
  2 ghost moths (D)
  2 frost giants (D)
  2 balrugs (D)
  3 draconian scorchers (D)
  8 iron dragons (D)
  An orc warlord (D)
  4 draconian annihilators (D)
  A reaper (D)
  2 ghouls (D)
  2 angels (D)
  2 spriggan defenders (D)
  A war gargoyle (D)
  4 draconian stormcallers (D)
  A stone giant (D)
  An ophan (D)
  A green draconian (D)
  2 purple draconians (D)
  An apis (D)
  Azrael (D)
  A deep elf demonologist (D)
  2 black draconians (D)
  A deep elf annihilator (D)
  3 red draconians (D)
  2 white draconians (D)
  6 dire elephants (D)
  2 ettins (D)
  A green death (D)
  2 deep elf death magi (D)
  2 death oozes (D)
  A mummy priest (D)
  A deep elf high priest (D)
  14 fire dragons (D)
  A great orb of eyes (D)
  2 boulder beetles (D)
  A naga warrior (D)
  16 hydras (D)
  19 ice dragons (D)
  4 catoblepae (D)
  2 vault guards (D)
  A merfolk avatar (D)
  Erolcha (D)
  2 ogre magi (D)
  6 two-headed ogres (D)
  A merfolk aquamancer (D)
  2 iron elementals (D)
  An alligator (D)
  4 deep troll shamans (D)
  2 vampire magi (D)
  A death yak (D)
  A deep troll earth mage (D)
  2 soul eaters (D)
  A spriggan berserker (D)
  4 hell knights (D)
  3 spriggans (D)
  A deep elf knight (D)
  2 sun demons (D)
  2 fire crabs (D)
  A shadow wraith (D)
  2 iron trolls (D)
  2 death drakes (D)
  7 deep trolls (D)
  8 swamp dragons (D)
  2 spriggan druids (D)
  A bog body (D)
  2 wizards (D)
  3 lindwurms (D)
  2 deep elf pyromancers (D)
  A phantasmal warrior (D)
  A necromancer (D)
  2 ugly things (D)
  4 orc knights (D)
  A wolf spider (D)
  A merfolk siren (D)
  A guardian serpent (D)
  An eye of devastation (D)
  A cane toad (D)
  A naga mage (D)
  2 hellions (D)
  2 komodo dragons (D)
  3 rime drakes (D)
  A freezing wraith (D)
  A demonic crawler (D)
  3 yaktaurs (D)
  2 red devils (D)
  3 polar bears (D)
  A merfolk (D)
  A troll (D)
  Prince Ribbit (D)
  3 hornets (D)
  4 slime creatures (D)
  A large abomination (D)
  2 tarantellas (D)
  5 redbacks (D)
  2 shadows (D)
  5 wyverns (D)
  2 water elementals (D)
  4 air elementals (D)
  A fire elemental (D)
  7 basilisks (D)
  A golden eye (D)
  2 vampire mosquitoes (D)
  4 steam dragons (D)
  2 wargs (D)
  6 acid dragons (D)
  2 hell hounds (D)
  5 swamp drakes (D)
  2 floating eyes (D)
  5 eyes of draining (D)
  3 orc warriors (D)
  3 ogres (D)
  A black bear (D)
  8 wolves (D)
  A necrophage (D)
  A phantom (D)
  A bullfrog (D)
  3 wights (D)
  A crimson imp (D)
  A hound (D)
  An iron imp (D)
  An orc priest (D)
  A worker ant (D)
  2 hell rats (D)
  An iguana (D)
  2 orc wizards (D)
  A mummy (D)
  A white imp (D)
  2 oozes (D)
  A worm (D)
  2 leopard geckos (D)
  7 orcs (D)
  A ball python (D)
  A bat (D)
  A bat skeleton (D)
  2 goblins (D)
  2 hobgoblins (D)
  2 jackals (D)
  2 quokkas (D)
  A giant cockroach simulacrum (D)
  A giant cockroach zombie (D)
  A kobold (D)
  2 leopard gecko zombies (D)
  A quokka simulacrum (D)
  A rat (D)
  A ball lightning (D)
486 creatures vanquished.

Vanquished Creatures (collateral kills)
  An ancient lich (D)
  A deep elf blademaster (D)
  An Orb Guardian (D)
  A quicksilver dragon (D)
  An azure jelly (D)
  2 nagarajas (D)
  A draconian scorcher (D)
  A draconian stormcaller (D)
  A deep elf sorcerer (D)
  An orc warlord (D)
  An iron dragon (D)
  An apis (D)
  A red draconian (D)
  An eidolon (D)
  A yaktaur captain (D)
  A vault guard (D)
  A naga warrior (D)
  A hydra (D)
  A rakshasa (D)
  A spriggan air mage (D)
  A merfolk avatar (D)
  Urug (D)
  A deep elf knight (D)
  A swamp dragon (D)
  A flayed ghost (D)
  2 orc knights (D)
  2 deep elf pyromancers (D)
  An orc sorcerer (D)
  5 elephants (D)
  An orange demon (D)
  A yaktaur (D)
  A troll (D)
  A merfolk (D)
  A polar bear (D)
  A wyvern (D)
  A fire elemental (D)
  2 orc warriors (D)
  A phantom (D)
  An orc priest (D)
  An orc (D)
48 creatures vanquished.

Vanquished Creatures (others)
  An acid blob (D)
  A dire elephant (D)
  A death ooze (D)
  A fire dragon (D)
  A deep elf knight (D)
  A sea snake (D)
  3 orc knights (D)
  A wolf spider (D)
  A tarantella (D)
  A steam dragon (D)
  A swamp drake (D)
  An orc (D)
  A ball lightning (D)
15 creatures vanquished.

Grand Total: 549 creatures vanquished

Notes
Turn   | Place    | Note
-------+----------+-------------------------------------------
     0 | D        | mhtbhm the Minotaur Fighter began the quest for the Orb.
     0 | D        | Reached XP level 1. HP: 19/19 MP: 0/0
    10 | D        | Noticed a worker ant
    15 | D        | Killed a worker ant
    16 | D        | Reached skill level 5 in Fighting
    16 | D        | Reached skill level 5 in Armour
    16 | D        | Reached skill level 5 in Shields
    16 | D        | Reached XP level 2. HP: 9/29 MP: 1/1
   314 | D        | Found a bloodstained altar of Trog.
   314 | D        | Found a shimmering blue altar of Sif Muna.
   314 | D        | Found a viscous altar of Jiyva.
   314 | D        | Found a hazy altar of Hepliaklqana.
   314 | D        | Found an opulent altar of Gozag.
   315 | D        | Found a glowing golden altar of the Shining One.
   315 | D        | Found a glowing silver altar of Zin.
   315 | D        | Found a basalt altar of Yredelemnul.
   315 | D        | Found a shimmering altar of Xom.
   315 | D        | Found an ornate altar of the Wu Jian Council.
   315 | D        | Found a sacrificial altar of Ru.
   315 | D        | Found a stormy altar of Qazlal.
   315 | D        | Found an iron altar of Okawaru.
   315 | D        | Found a sparkling altar of Nemelex Xobeh.
   315 | D        | Found a burning altar of Makhleb.
   315 | D        | Found a blossoming altar of Fedhas.
   315 | D        | Found a white marble altar of Elyvilon.
   315 | D        | Found a shadowy altar of Dithmenos.
   315 | D        | Found a snail-covered altar of Cheibriados.
   318 | D        | Found a corrupted altar of Lugonu.
   318 | D        | Found a radiant altar of Vehumet.
   318 | D        | Found a roughly hewn altar of Beogh.
   319 | D        | Found an ancient bone altar of Kikubaaqudgha.
   319 | D        | Found a hide-covered altar of Uskayaw.
   319 | D        | Found a broken altar of Ashenzari.
   321 | D        | Became a worshipper of Trog the Wrathful
   361 | D        | Reached XP level 3. HP: 36/36 MP: 2/2
   373 | D        | Reached * piety under Trog
   489 | D        | Reached ** piety under Trog
   493 | D        | Noticed an ogre
   497 | D        | Killed an ogre
   498 | D        | Reached XP level 4. HP: 47/47 MP: 3/3
   557 | D        | Noticed a black bear
   557 | D        | Noticed a bullfrog
   563 | D        | Reached *** piety under Trog
   574 | D        | Killed a bullfrog
   575 | D        | Reached skill level 1 in Dodging
   575 | D        | Reached XP level 5. HP: 49/53 MP: 4/4
   578 | D        | Killed a black bear
   579 | D        | Reached skill level 5 in Axes
   579 | D        | Reached XP level 6. HP: 53/62 MP: 5/5
   584 | D        | Reached **** piety under Trog
   604 | D        | Noticed a freezing wraith
   612 | D        | Killed a freezing wraith
   613 | D        | Reached skill level 10 in Armour
   613 | D        | Reached skill level 10 in Shields
   613 | D        | Reached XP level 7. HP: 70/70 MP: 6/6
   667 | D        | Reached ***** piety under Trog
   842 | D        | Noticed a wyvern
   853 | D        | Killed a wyvern
   854 | D        | Reached skill level 10 in Fighting
   998 | D        | Noticed Prince Ribbit
   999 | D        | Noticed a merfolk
  1006 | D        | Killed Prince Ribbit
  1007 | D        | Reached XP level 8. HP: 72/80 MP: 7/7
  1012 | D        | Killed a merfolk
  1012 | D        | Reached ****** piety under Trog
  1013 | D        | Reached skill level 10 in Axes
  1101 | D        | Noticed a demonic crawler
  1101 | D        | Noticed a polar bear
  1121 | D        | Killed a demonic crawler
  1150 | D        | Reached XP level 9. HP: 30/89 MP: 8/8
  1153 | D        | Received a gift from Trog
  1158 | D        | Killed a polar bear
  1501 | D        | Noticed a death yak
  1502 | D        | Noticed a deep elf pyromancer
  1512 | D        | Killed a deep elf pyromancer
  1512 | D        | Received a gift from Trog
  1515 | D        | Killed a death yak
  1516 | D        | Reached skill level 1 in Stealth
  1658 | D        | Noticed a two-headed ogre
  1658 | D        | Noticed Erolcha
  1672 | D        | Killed a two-headed ogre
  1673 | D        | Reached XP level 10. HP: 48/100 MP: 9/9
  1676 | D        | Killed Erolcha
  1676 | D        | Received a gift from Trog
  1677 | D        | Reached skill level 15 in Axes
  1677 | D        | Reached skill level 15 in Shields
  2017 | D        | Noticed a phantasmal warrior
  2024 | D        | Killed a phantasmal warrior
  2108 | D        | Noticed a bog body
  2108 | D        | Noticed Urug
  2108 | D        | Noticed a deep elf pyromancer
  2108 | D        | Noticed a deep elf pyromancer
  2112 | D        | Noticed a swamp dragon
  2120 | D        | Killed Urug
  2121 | D        | Killed a bog body
  2121 | D        | Received a gift from Trog
  2121 | D        | Killed a deep elf pyromancer
  2124 | D        | Received a gift from Trog
  2126 | D        | Killed a swamp dragon
  2127 | D        | Reached XP level 11. HP: 110/110 MP: 10/10
  2128 | D        | Killed a shadow wraith
  2128 | D        | Killed a deep elf pyromancer
  2129 | D        | Reached skill level 15 in Armour
  2131 | D        | Received a gift from Trog
  2145 | D        | Got a pitted broad axe {god gift}
  2146 | D        | Identified the +5 broad axe of Rigu {vorpal, Fragile Str+4}
                  | (Trog gifted it to you in the Dungeon)
  2394 | D        | Noticed a nagaraja
  2406 | D        | Killed a nagaraja
  2406 | D        | Received a gift from Trog
  2407 | D        | Reached skill level 15 in Fighting
  2518 | D        | Noticed a vampire mage
  2524 | D        | Noticed a phantasmal warrior
  2531 | D        | Noticed a flayed ghost
  2532 | D        | Noticed a flayed ghost
  2532 | D        | Killed a vampire mage
  2776 | D        | Noticed a two-headed ogre
  2784 | D        | Received a gift from Trog
  2786 | D        | Killed a two-headed ogre
  3054 | D        | Got a scorched glaive {god gift}
  3083 | D        | Received a gift from Trog
  3090 | D        | Noticed a yellow draconian scorcher
  3099 | D        | Killed a yellow draconian scorcher
  3354 | D        | Noticed an ancient lich
  3361 | D        | Killed an ancient lich
  3362 | D        | Reached XP level 12. HP: 125/125 MP: 11/11
  3441 | D        | Noticed a Brimstone Fiend
  3450 | D        | Killed a Brimstone Fiend
  3600 | D        | Noticed an ogre mage
  3600 | D        | Noticed a two-headed ogre
  3600 | D        | Noticed a two-headed ogre
  3600 | D        | Noticed a two-headed ogre
  3600 | D        | Noticed an ogre mage
  3601 | D        | Found the +11 plutonium sword {*Contam Stlth-}
  3610 | D        | Killed a ghost moth
  3610 | D        | Paralysed by something for 6 turns
  3620 | D        | Killed a two-headed ogre
  3620 | D        | Killed a two-headed ogre
  3621 | D        | Killed an ogre mage
  3621 | D        | Received a gift from Trog
  3626 | D        | Killed an ogre mage
  3626 | D        | Killed a two-headed ogre
  3627 | D        | Reached XP level 13. HP: 122/134 MP: 3/12
  3800 | D        | Noticed a nagaraja
  3809 | D        | Killed a nagaraja
  3810 | D        | Received a gift from Trog
  3811 | D        | Reached skill level 5 in Dodging
  3849 | D        | Noticed Azrael
  3856 | D        | Killed Azrael
  3906 | D        | Identified the +12 mace of Woe {holy, Str+7 Int-3 Dex+3}
  3906 | D        | Noticed a spriggan defender
  3908 | D        | Killed a spriggan defender
  3911 | D        | Noticed an iron dragon
  3916 | D        | Killed an iron dragon
  3921 | D        | Received a gift from Trog
  3936 | D        | Received a gift from Trog
  4267 | D        | Noticed Xtahua
  4272 | D        | Killed Xtahua
  4500 | D        | Noticed an ancient lich
  4500 | D        | Noticed a nagaraja
  4500 | D        | Noticed a deep elf blademaster
  4500 | D        | Noticed Mennas
  4532 | D        | Killed an ancient lich
  4535 | D        | Killed Mennas
  4535 | D        | Received a gift from Trog
  4536 | D        | Reached XP level 14. HP: 53/151 MP: 13/13
  4539 | D        | Killed a deep elf blademaster
  4542 | D        | Killed a nagaraja
  4542 | D        | Received a gift from Trog
  4881 | D        | Noticed an electric golem
  4894 | D        | Killed an electric golem
  5107 | D        | Noticed a golden dragon
  5115 | D        | Killed a golden dragon
  5171 | D        | Noticed an ancient lich
  5184 | D        | Killed an ancient lich
  5212 | D        | Noticed a curse toe
  5218 | D        | Killed a curse toe
  5218 | D        | Received a gift from Trog
  5388 | D        | Noticed a pearl dragon
  5397 | D        | Killed a pearl dragon
  5641 | D        | Noticed Dissolution
  5648 | D        | Killed Dissolution
  5649 | D        | Reached skill level 10 in Dodging
  5649 | D        | Reached XP level 15. HP: 166/166 MP: 14/14
  5690 | D        | Noticed a titan
  5698 | D        | Killed a titan
  5698 | D        | Received a gift from Trog
  6009 | D        | Received a gift from Trog
  6164 | D        | Noticed an electric golem
  6171 | D        | Killed an electric golem
  6175 | D        | Noticed a fire giant
  6181 | D        | Killed a fire giant
  6365 | D        | Noticed an iron dragon
  6380 | D        | Killed an iron dragon
  6516 | D        | Noticed a lich
  6522 | D        | Killed a lich
  6523 | D        | Reached skill level 27 in Axes
  6673 | D        | Noticed a green draconian scorcher
  6680 | D        | Killed a green draconian scorcher
  6737 | D        | Received a gift from Trog
  6752 | D        | Noticed a tentacled monstrosity
  6759 | D        | Killed a tentacled monstrosity
  6810 | D        | Noticed a pearl dragon
  6816 | D        | Killed a pearl dragon
  6819 | D        | Noticed a titan
  6827 | D        | Killed a titan
  6827 | D        | Received a gift from Trog
  6933 | D        | Noticed an electric golem
  6941 | D        | Killed an electric golem
  7010 | D        | Noticed a titan
  7019 | D        | Killed a titan
  7105 | D        | Noticed a royal mummy
  7123 | D        | Killed a royal mummy
  7124 | D        | Reached skill level 27 in Fighting
  7124 | D        | Reached XP level 16. HP: 183/183 MP: 15/15
  7279 | D        | Received a gift from Trog
  7669 | D        | Noticed Ereshkigal
  7691 | D        | Killed Ereshkigal
  7692 | D        | Reached skill level 15 in Dodging
  7692 | D        | Reached skill level 27 in Shields
  7748 | D        | Noticed Geryon
  7750 | D        | Received a gift from Trog
  7766 | D        | Killed Geryon
  7804 | D        | Noticed a pearl dragon
  7814 | D        | Killed a pearl dragon
  8004 | D        | Noticed an electric golem
  8014 | D        | Killed an electric golem
  8166 | D        | Noticed a pearl dragon
  8174 | D        | Killed a pearl dragon
  8296 | D        | Noticed a pearl dragon
  8304 | D        | Killed a pearl dragon
  8334 | D        | Noticed an Ice Fiend
  8338 | D        | Killed an Ice Fiend
  8545 | D        | Noticed a quicksilver dragon
  8547 | D        | Killed a quicksilver dragon
  8550 | D        | Noticed an ancient lich
  8564 | D        | Killed an ancient lich
  8564 | D        | Received a gift from Trog
  8657 | D        | Noticed an orb of fire
  8669 | D        | Killed an orb of fire
  8670 | D        | Reached skill level 27 in Armour
  8670 | D        | Reached XP level 17. HP: 124/191 MP: 16/16
  8932 | D        | Noticed a quicksilver dragon
  8932 | D        | Noticed Peluruh the pandemonium lord
  8951 | D        | Killed Peluruh the pandemonium lord
  8954 | D        | Killed a quicksilver dragon
  9028 | D        | Noticed the 27-headed Lernaean hydra
  9037 | D        | Killed the 22-headed Lernaean hydra
  9217 | D        | Noticed an electric golem
  9227 | D        | Killed an electric golem
  9412 | D        | Received a gift from Trog
  9463 | D        | Noticed a Brimstone Fiend
  9466 | D        | Killed a Brimstone Fiend
  9511 | D        | Got the ring of Ruetonla {rPois rF+ Will+}
  9516 | D        | Got the amulet of Xom's Whimsicality {Spirit rElec Will-
                  | Int+6}
  9519 | D        | Got the amulet "Zaret" {*Contam rPois Will+ Regen+}
  9521 | D        | Got the amulet "Nunojuo" {Spirit Str+2}
  9537 | D        | Got an iron rune of Zot
  9568 | D        | Got the ring of Muaga {rF+ Str+8 Int+6}
  9570 | D        | Got the ring of Mevacoac {rElec rPois rCorr Int+4}
  9572 | D        | Got the ring of Fragile Peace {rF+ Will+++ Int-5 Stlth-}
  9760 | D        | Paralysed by a floating eye for 3 turns
  9767 | D        | Paralysed by a floating eye for 3 turns
  9767 | D        | Received a gift from Trog
  9767 | D        | Noticed Saint Roka
  9777 | D        | Reached skill level 27 in Dodging
  9785 | D        | Received a gift from Trog
  9787 | D        | Reached skill level 5 in Evocations
  9795 | D        | Received a gift from Trog
  9800 | D        | Received a gift from Trog
  9805 | D        | Killed Saint Roka
  9818 | D        | Got a blackened broad axe {god gift}
 10127 | D        | Received a gift from Trog
 10131 | D        | Identified the +10 broad axe "Hacah" {flame, *Contam +Rage
                  | Str+5 Stlth+} (Trog gifted it to you in the Dungeon)
 10150 | D        | Received a gift from Trog
 10153 | D        | Noticed an ancient lich
 10159 | D        | Noticed an ancient lich
 10163 | D        | Noticed Margery
 10169 | D        | Killed an ancient lich
 10169 | D        | Received a gift from Trog
 10194 | D        | Killed an ancient lich
 10202 | D        | Received a gift from Trog
 10210 | D        | Killed Margery
 10211 | D        | Reached XP level 18. HP: 128/200 MP: 17/17
 10284 | D        | Received a gift from Trog
 10357 | D        | Received a gift from Trog
 10371 | D        | Got a polished battleaxe {god gift}
 10441 | D        | Got the amulet "Zotoris" {RegenMP rC+++}
 10443 | D        | Got the amulet "Lisuofut" {Faith rElec rPois rC- Str-3}
 10445 | D        | Got the ring of Xait {rElec MP+9 Int+3}
 10447 | D        | Got the ring "Milah" {rPois Stlth+}
 10449 | D        | Got the amulet "Kaenumit" {Faith Fragile +Blink rN+}
 10452 | D        | Got the amulet of Xom's Recklessness {*Contam Regen+ Str+5
                  | SInv}
 10454 | D        | Got the amulet "Vovomovi" {Faith rN+}
 10456 | D        | Got the ring of Peoban {rPois rN++ MP+9 Str-3 Slay+5}
 10458 | D        | Got the amulet of Disaster {Faith rF- Str+3 Dex+4}
 10460 | D        | Got the amulet "Noudorgh" {RegenMP rF+ Str+2}
 10462 | D        | Got the ring "Jasadwam" {+Fly rPois}
 10475 | D        | Got the amulet "Luits" {+Inv rElec rN+ Regen+ Str+4}
 10477 | D        | Got the amulet "Qefuytt" {rElec Regen+}
 10514 | D        | Got the ring of Descent {*Slow rF+++ EV+6 Str-2 SInv}
 10516 | D        | Got the ring "Rokagul" {Fire Str+3}
 10518 | D        | Got the ring "Ussaafua" {Wiz rC+}
 10520 | D        | Got the ring of Joejam {Wiz *Drain Str+3 Dex+2}
 10535 | D        | Got the ring of Oghuyd {*Slow +Blink rF+ Str-4 SInv}
 10537 | D        | Got the ring of Guemp {rC++ Str-2 Int+6 Dex+3}
 10539 | D        | Got the ring of Hoam {rElec rF+ rC+}
 10541 | D        | Got the ring of the Pure Knaves {Ice Str+9 Dex-4 Stlth+}
 10545 | D        | Got the ring of Queck {rElec rF+ rC+ Will++}
 10555 | D        | Got the ring of Xulackop {rF+ rN+ SInv Stlth+}
 10557 | D        | Got the ring of Beng {AC+6 Str+2 Dex+2}
 10559 | D        | Got the ring of Mistrust {rPois rN+ Str+3}
 10560 | D        | Lost intelligence.
 10773 | D        | Gained mutation: Scrolls take you a little longer to read.
                  | [mutagenic glow]
 10983 | D        | Noticed a royal mummy
 10989 | D        | Received a gift from Trog
 10997 | D        | Killed a royal mummy
 11042 | D        | Noticed a curse toe
 11051 | D        | Killed a curse toe
 11122 | D        | Received a gift from Trog
 11135 | D        | Received a gift from Trog
 11226 | D        | Noticed Jory
 11229 | D        | Noticed an orb of fire
 11240 | D        | Killed Jory
 11249 | D        | Killed an orb of fire
 11349 | D        | Lost mutation: Scrolls take you a little longer to read.
                  | [potion of mutation]
 11349 | D        | Gained mutation: You are weak. (Str -2) [potion of
                  | mutation]
 11349 | D        | Gained mutation: You have a pair of large horns on your
                  | head. [potion of mutation]
 11349 | D        | Gained mutation: You possess an exceptional clarity of
                  | mind. [potion of mutation]
 11371 | D        | Noticed a lich
 11371 | D        | Noticed a tentacled monstrosity
 11371 | D        | Noticed a curse toe
 11377 | D        | Killed a lich
 11384 | D        | Received a gift from Trog
 11384 | D        | Killed a tentacled monstrosity
 11385 | D        | Reached skill level 27 in Evocations
 11388 | D        | Reached skill level 1 in Short Blades
 11388 | D        | Reached skill level 1 in Long Blades
 11388 | D        | Reached skill level 1 in Polearms
 11388 | D        | Reached skill level 1 in Staves
 11388 | D        | Reached skill level 1 in Slings
 11388 | D        | Reached skill level 1 in Bows
 11388 | D        | Reached skill level 1 in Crossbows
 11388 | D        | Reached skill level 1 in Throwing
 11388 | D        | Reached skill level 1 in Unarmed Combat
 11388 | D        | Reached skill level 1 in Invocations
 11388 | D        | Noticed a golden dragon
 11389 | D        | Killed a curse toe
 11389 | D        | Received a gift from Trog
 11390 | D        | Noticed an ancient lich
 11391 | D        | Reached skill level 5 in Maces & Flails
 11391 | D        | Received a gift from Trog
 11405 | D        | Killed an ancient lich
 11405 | D        | Received a gift from Trog
 11406 | D        | Reached skill level 5 in Long Blades
 11406 | D        | Reached skill level 5 in Polearms
 11406 | D        | Reached skill level 5 in Staves
 11407 | D        | Killed a golden dragon
 11408 | D        | Reached skill level 5 in Short Blades
 11408 | D        | Reached skill level 5 in Slings
 11408 | D        | Reached skill level 5 in Bows
 11408 | D        | Reached skill level 5 in Crossbows
 11408 | D        | Reached skill level 5 in Unarmed Combat
 11414 | D        | Received a gift from Trog
 11415 | D        | Reached skill level 5 in Throwing
 11415 | D        | Reached skill level 5 in Invocations
 11424 | D        | Reached XP level 19. HP: 73/207 MP: 21/21
 11440 | D        | Reached skill level 10 in Maces & Flails
 11451 | D        | Received a gift from Trog
 11874 | D        | Gained mutation: You are clumsy. (Dex -2) [mutagenic glow]
 11944 | D        | Identified the +4 battleaxe of Foxugya {antimagic, Str+3}
                  | (Trog gifted it to you in the Dungeon)
 11957 | D        | Identified the +3 glaive "Maqiyssa" {vorpal, Int+5} (Trog
                  | gifted it to you in the Dungeon)
 12050 | D        | Got the amulet of Cuaxzin {Acrobat rPois SInv}
 12052 | D        | Got the ring of Jeixoz {rN++ MP+9 Stlth+}
 12054 | D        | Got the amulet "Maegaof" {Reflect rF+ Will+ SH+5}
 12056 | D        | Got the ring of Megalomania {EV+4 Str+4}
 12058 | D        | Got the ring "Sizyizui" {+Fly rPois rC++ Int-2 SInv}
 12060 | D        | Got the amulet of Vuty Naty {rF- rN++ Regen+ Int-5 Dex+9}
 12062 | D        | Got the ring "Ublitios" {rN+ Str+2}
 12064 | D        | Got the amulet "Eleil" {Spirit rF+ Int+3 Slay-4}
 12303 | D        | Received a gift from Trog
 12304 | D        | Reached skill level 10 in Long Blades
 12430 | D        | Received a gift from Trog
 12444 | D        | Reached skill level 15 in Maces & Flails
 12470 | D        | Reached skill level 10 in Throwing
 12481 | D        | Received a gift from Trog
 12502 | D        | Received a gift from Trog
 12512 | D        | Received a gift from Trog
 12527 | D        | Received a gift from Trog
 12528 | D        | Reached skill level 15 in Long Blades
 12690 | D        | Received a gift from Trog
 12707 | D        | Noticed a profane servitor
 12719 | D        | Killed a profane servitor
 12892 | D        | Noticed a hellephant
 12895 | D        | Received a gift from Trog
 12907 | D        | Reached skill level 15 in Throwing
 12908 | D        | Killed a hellephant
 13148 | D        | Noticed a golden dragon
 13153 | D        | Received a gift from Trog
 13350 | D        | Received a gift from Trog
 13475 | D        | Received a gift from Trog
 13506 | D        | Received a gift from Trog
 13507 | D        | Killed a golden dragon
 13521 | D        | Received a gift from Trog
 13526 | D        | Received a gift from Trog
 13535 | D        | Received a gift from Trog
 13576 | D        | Got a silver rune of Zot
 13842 | D        | Noticed a golden dragon
 13842 | D        | Noticed a golden dragon
 13842 | D        | Noticed a golden dragon
 13842 | D        | Noticed a golden dragon
 13847 | D        | Reached XP level 20. HP: 202/216 MP: 22/22
 13848 | D        | Noticed a golden dragon
 13848 | D        | Noticed a golden dragon
 13848 | D        | Noticed a golden dragon
 13848 | D        | Noticed a golden dragon
 13849 | D        | Noticed a golden dragon
 13855 | D        | Noticed a golden dragon
 13855 | D        | Received a gift from Trog
 13856 | D        | Noticed a golden dragon
 13858 | D        | Received a gift from Trog
 13860 | D        | Killed a golden dragon
 13868 | D        | Received a gift from Trog
 13871 | D        | Killed a golden dragon
 13872 | D        | Received a gift from Trog
 13878 | D        | Received a gift from Trog
 13878 | D        | Killed a golden dragon
 13881 | D        | Killed a golden dragon
 13881 | D        | Killed a golden dragon
 13882 | D        | Reached skill level 27 in Maces & Flails
 13882 | D        | Killed a golden dragon
 13888 | D        | Killed a golden dragon
 13888 | D        | Received a gift from Trog
 13889 | D        | Reached skill level 27 in Long Blades
 13890 | D        | Killed a golden dragon
 13898 | D        | Received a gift from Trog
 13903 | D        | Received a gift from Trog
 13904 | D        | Reached skill level 27 in Throwing
 13908 | D        | Reached skill level 10 in Stealth
 13909 | D        | Killed a golden dragon
 13909 | D        | Received a gift from Trog
 13910 | D        | Reached XP level 21. HP: 209/224 MP: 23/23
 13911 | D        | Killed a golden dragon
 13916 | D        | Reached skill level 15 in Stealth
 13920 | D        | Killed a golden dragon
 13920 | D        | Received a gift from Trog
 14037 | D        | Got the ring "Iroockaju" {rN+ Int+4 Dex+4}
 14090 | D        | Got a golden rune of Zot
 14093 | D        | Got the ring "Xesal" {Str+3 Slay+3 SInv}
 14442 | D        | Received a gift from Trog
 14539 | D        | Noticed an ancient lich
 14548 | D        | Killed an ancient lich
 14548 | D        | Received a gift from Trog
 14620 | D        | Noticed a Killer Klown
 14626 | D        | Received a gift from Trog
 14638 | D        | Killed a Killer Klown
 14663 | D        | Received a gift from Trog
 14666 | D        | Noticed Frederick
 14669 | D        | Killed Frederick
 14928 | D        | Noticed Mara
 14935 | D        | Noticed mhtbhm's illusion
 14968 | D        | Killed Mara
 15023 | D        | Received a gift from Trog
 15306 | D        | Reached skill level 27 in Stealth
 15307 | D        | Noticed an ancient lich
 15314 | D        | Killed an ancient lich
 15317 | D        | Noticed an ancient lich
 15320 | D        | Noticed the Royal Jelly
 15326 | D        | Killed an ancient lich
 15331 | D        | Noticed an ancient lich
 15333 | D        | Noticed Fiathull the pandemonium lord
 15349 | D        | HP: 14/336 [azure jelly[the Royal Jelly] (20)]
 15349 | D        | Killed from afar by a lich

Illustrated notes

Levels and vault maps discovered:
D:        pitsprint [storerooms_1, entrance_room_1, metal_vault_3, armoury_1,
          mini_pit_1, grid_room_1, main_hall_1, silver_pit, the_coven_3,
          the_vestibule_1, steel_vault_1, golden_pit, hallway_of_sentries,
          crystal_vault_1, iron_vault_3, final_vault]

Skill      XL: |  1  2  3  4  5  6  7  8  9 10 11 12 13 14 15 16 17 18 19 20 21 |
---------------+----------------------------------------------------------------+-----
Fighting       | 5 7 8 9 10 11 12 14 17 18 21 24 27 | 27.0
Axes           | 3 4 5 7 9 12 14 16 20 22 24 26 27 | 27.0
Armour         | 5 7 8 9 10 11 12 13 14 17 18 20 21 22 27 | 27.0
Shields        | 5 7 8 9 10 12 13 14 15 18 20 23 25 27 | 27.0
Dodging        | 1 2 3 4 7 10 12 22 27 | 27.0
Stealth        | 1 2 3 4 12 27 | 27.0
Evocations     | 19 27 | 27.0
Short Blades   | 6 |  6.0
Long Blades    | 6 21 27 | 27.0
Maces & Flails | 9 23 27 | 27.0
Polearms       | 6 |  6.2
Staves         | 6 |  6.2
Slings         | 5 |  5.7
Bows           | 5 13 | 13.4
Crossbows      | 5 13 | 13.4
Throwing       | 5 18 27 | 27.0
Unarmed Combat | 5 |  5.6
Invocations    | 5 |  5.2

Action                   |  1- 3 |  4- 6 |  7- 9 | 10-12 | 13-15 | 16-18 | 19-21 || total
-------------------------+-------+-------+-------+-------+-------+-------+-------++-------
Melee: War axe           |     5 |       |   100 |    27 |       |       |       ||   132
       Headbutt          |     8 |     8 |    38 |    30 |    77 |   114 |   125 ||   400
       Hand axe          |    15 |    34 |    55 |       |       |       |       ||   104
       Broad axe         |       |       |       |   101 |   268 |   384 |   377 ||  1130
Invok: Berserk           |       |     1 |     1 |     8 |    10 |    12 |     8 ||    40
       Brothers in Arms  |       |       |       |     1 |     2 |     8 |     1 ||    12
       Trog's Hand       |       |       |       |       |       |     1 |       ||     1
Evoke: Horn of Geryon    |       |       |       |       |       |     3 |     1 ||     4
       Condenser vane    |       |       |       |       |       |       |     3 ||     3
  Use: Potion            |       |       |       |       |     9 |     8 |     3 ||    20
       Scroll            |       |       |       |       |     2 |     2 |     6 ||    10
 Stab: Distracted        |       |       |     1 |       |       |     1 |       ||     2
       Invisible         |       |       |       |       |       |    20 |       ||    20
       Confused          |       |       |       |       |       |       |     4 ||     4
       Petrifying        |       |       |       |       |       |       |     2 ||     2
       Petrified         |       |       |       |       |       |       |     1 ||     1
Armor: Scale mail        |    11 |       |       |       |       |       |       ||    11
       Plate armour      |       |    13 |    45 |    55 |    19 |       |       ||   132
       Fire dragon scale |       |       |       |       |    43 |       |       ||    43
       Pearl dragon scal |       |       |       |       |    29 |    81 |       ||   110
       Gold dragon scale |       |       |       |       |       |    89 |   168 ||   257
Dodge: Dodged            |     9 |     4 |    36 |    32 |    90 |   193 |   144 ||   508
Block: Kite shield       |    15 |    25 |    78 |    81 |   139 |   131 |       ||   469
       Tower shield      |       |       |       |       |       |   163 |   457 ||   620
       Reflection        |       |       |       |       |       |       |    13 ||    13

Table legend: (Time is in decaauts) A = Elapsed time spent in this place. B = Non-inter-level travel time spent in this place. C = Inter-level travel time spent in this place. D = Time resting spent in this place. E = Time spent auto-exploring this place. F = Levels seen in this place. G = Mean time per level. A B C D E F G +--------+--------+--------+--------+--------+-----+--------+ Total | 15475 | 15400 | 75 | 10129 | 94 | 1 | 15475.0 | Dungeon | 15475 | 15400 | 75 | 10129 | 94 | 1 | 15475.0 | +--------+--------+--------+--------+--------+-----+--------+

Top non-repeatable levels by time:
       D: 15475 daAuts
